 Dungeon Crawl Stone Soup version 0.32-a0-468-g38b2580584 (webtiles) character file.

Game seed: 13531906827239819837

121 CougarLife the Digger (level 5, -2/28 HPs)
             Began as a Gargoyle Earth Elementalist on Feb 25, 2024.
             Slain by an orc priest
             ... wielding a +3 mace of protection
              (6 damage)
             ... on level 4 of the Dungeon.
             The game lasted 00:03:00 (2409 turns).

CougarLife the Digger (Gargoyle Earth Elementalist) Turns: 2409, Time: 00:03:01

Health: -2/28      AC:  6    Str: 12    XL:     5   Next: 5%
Magic:  8/9        EV: 11    Int: 17    God:
Gold:   170        SH:  0    Dex: 10    Spells: 9/10 levels left

rFire   . . .        n - +1 dagger (flame)
rCold   . . .        (no shield)
rNeg    + . .        a - +0 robe
rPois   ∞            (no helmet)
rElec   +            (no cloak)
rCorr   .            (no gloves)
SInv    .            (no boots)
Will    .....        b - amulet of magic regeneration
Stlth   ++           (no ring)
HPRegen 0.24/turn    (no ring)
MPRegen 0.51/turn

%: no passive effects
@: no status effects
A: sickness immunity, AC +4, negative energy resistance 1, electricity
resistance, torment resistance 1, petrification resistance
a: Convert to Beogh


You were on level 4 of the Dungeon.
You visited 1 branch of the dungeon, and saw 4 of its levels.

You collected 170 gold pieces.

Inventory:

Hand Weapons
 n - a +1 dagger of flaming (weapon)
Armour
 a - a +0 robe (worn)
Jewellery
 b - an amulet of magic regeneration (around neck)
 q - a ring of ice
Wands
 o - a wand of mindburst (7)
Scrolls
 d - a scroll of poison {unknown}
 e - a scroll of fear {unknown}
 f - 3 scrolls of immolation {unknown}
 h - a scroll of revelation {unknown}
 i - a scroll of blinking {unknown}
 k - 3 scrolls of identify {unknown}
 p - a scroll of teleportation {unknown}
 r - a scroll of vulnerability {unknown}
Potions
 c - a potion of mutation {unknown}
 g - a potion of degeneration {unknown}
 j - a potion of haste {unknown}
 l - a potion of ambrosia {unknown}
 m - a potion of curing {unknown}
 s - a potion of cancellation {unknown}


   Skills:
 - Level 1.5 Dodging
 - Level 2.1 Stealth
 + Level 3.1 Spellcasting
 + Level 2.9 Conjurations
 + Level 4.9 Earth Magic


You had 9 spell levels left.
You knew the following spells:

 Your Spells              Type           Power      Damage    Failure   Level
a - Sandblast             Erth           38%        2d10      2%          1

Your spell library contained the following spells:

 Spells                   Type           Power      Damage    Failure   Level
 Passwall                 Erth           19%        N/A       7%          3
 Stone Arrow              Conj/Erth      32%        3d9       11%         3
 Brom's Barrelling Bould  Conj/Erth      16%        2d4       34%         4
 Petrify                  Alch/Erth      11%        N/A       52%         4


Dungeon Overview and Level Annotations

Branches:
Dungeon (4/15)
 Temple: D:4-7

Altars:
Hepliaklqana
Qazlal

Shops:
D:3 (


Innate Abilities, Weirdness & Mutations

You are immune to sickness and miasma.
Your stone body is resilient. (AC +4)
You are immune to poison.
You resist negative energy. (rN+)
You are resistant to electric shocks. (rElec)
You are resistant to unholy torment.
You are immune to petrification.


Message History

The orc priest is wielding a +3 mace of protection.
The orc priest shouts!
An orc wizard comes into view. It is wielding a +0 dagger.
The orc moves out of view.
You can't see any susceptible monsters within range! (Use Z to cast anyway.)
You can't see any susceptible monsters within range! (Use Z to cast anyway.)
An orc comes into view. It is wielding a +0 dagger of draining.
There is an open door here.
The blast of sand hits the orc priest!
The orc priest is heavily wounded.
The orc wizard shouts!
The orc shouts! x2
An endoplasm comes into view.
The blast of sand hits the orc priest.
The orc priest is severely wounded.
The endoplasm quivers.
An orc comes into view. It is wielding a +0 mace.
The orc priest invokes the aid of Beogh against you.
Beogh smites you!
The orc shouts!
The blast of sand hits the orc priest but does no damage.
The orc priest is severely wounded.
The blast of sand hits the orc priest but does no damage.
The orc priest is severely wounded.
The orc priest hits you with a +3 mace of protection! x2
* * * LOW HITPOINT WARNING * * *
The orc priest shouts, "Beogh offers mercy even to people such as you.
Join us and be reborn!" (press Y on the ability menu to convert to Beogh)
Casting: Sandblast (safe; 2% risk of failure)
Confirm with . or Enter, or press ? or * to list all spells.
Aiming: Sandblast (safe; 2% risk of failure)
Press: ? - help, Shift-Dir - straight line, f/p - orc priest
Aim: an orc priest, wielding a +3 mace of protection (severely wounded, 82% to hit)
The blast of sand hits the orc priest but does no damage.
The orc priest is severely wounded.
The orc priest shouts, "Surrender to Beogh and we'll let you live!"
The orc wizard mumbles some strange words.
The orc wizard flickers and vanishes!
Deactivating autopickup; reactivate with Ctrl-A.
The orc priest hits you with a +3 mace of protection.
You die... ..... #... #... #o. #Jo

#{# #o#
####@####
#.......#
#.......#
####.....).#
#.....##'#.#
#.....<#.#.#
#......#.#.#
#......#.###
#......#.+


You could see an orc priest, 2 orcs and an endoplasm.

Vanquished Creatures
  A bombardier beetle (D:3)
  3 adders
  A dart slug (D:1)
  2 ribbon worms
  3 bats
  7 endoplasms
  2 giant cockroaches
  5 goblins
  7 hobgoblins
  2 quokkas
  8 ball pythons
  4 frilled lizards
  4 kobolds
  5 rats
54 creatures vanquished.

Notes
Turn   | Place    | Note
-------+----------+-------------------------------------------
     0 | D:1      | CougarLife the Gargoyle Earth Elementalist began the quest
                  | for the Orb.
     0 | D:1      | Reached XP level 1. HP: 10/10 MP: 3/3
    42 | D:1      | Reached XP level 2. HP: 12/15 MP: 1/5
   167 | D:1      | Reached skill level 4 in Earth Magic
   406 | D:1      | Reached XP level 3. HP: 19/19 MP: 6/6
  1267 | D:2      | Reached XP level 4. HP: 24/24 MP: 6/8
  1535 | D:3      | Found a hazy altar of Hepliaklqana.
  1659 | D:3      | Found Ceriegou's Weapon Shoppe.
  1807 | D:3      | Found a stormy altar of Qazlal.
  1963 | D:3      | Found a faded altar of an unknown god.
  1970 | D:3      | Reached XP level 5. HP: 22/28 MP: 9/9
  2409 | D:4      | Slain by an orc priest

Illustrated notes

Levels and vault maps discovered:
D:1:      mainiacjoe_arrival_oval_in_oval, layout_loops_ring,
          serial_bayou_pond_d, serial_park_tiny_1
D:2:      layout_rooms, minmay_misc_feat_columns
D:3:      layout_loops_corners, mainiacjoe_overflow_concentric_impassable,
          mainiacjoe_overflow_alcove_2, serial_shops,
          nicolae_shop_competitors_out_of_business,
          dreamdust_ecumenical_altar_hidden_monk_grotto,
          kennysheep_generic_room_14
D:4:      minmay_wonky_spiral, layout_basic, kennysheep_mini, serial_shops,
          nicolae_shop_overgrown_old_shop, uniq_pikel

Skill      XL: |  1  2  3  4 |
---------------+-------------+-----
Earth Magic    | 4 |  4.9
Conjurations   | 2 |  2.9
Spellcasting   | 3 |  3.1
Dodging        | |  1.5
Stealth        | |  2.1

Action                     |  1- 3 |  4- 6 || total
---------------------------+-------+-------++-------
  Melee: Unarmed           |    10 |       ||    10
         Dagger            |       |     2 ||     2
   Cast: Sandblast         |    58 |    26 ||    84
    Use: Potion            |     1 |       ||     1
 Armour: Robe              |    17 |     6 ||    23
  Dodge: Dodged            |    22 |     6 ||    28

Table legend: (Time is in decaauts)
 A = Elapsed time spent in this place.
 B = Non-inter-level travel time spent in this place.
 C = Inter-level travel time spent in this place.
 D = Time resting spent in this place.
 E = Time spent auto-exploring this place.
 F = Levels seen in this place.
 G = Mean time per level.
                   A        B        C        D        E       F      G
               +--------+--------+--------+--------+--------+-----+--------+
         Total |   2450 |   2326 |    124 |    112 |   1840 |   4 |  612.5 |
       Dungeon |   2450 |   2326 |    124 |    112 |   1840 |   4 |  612.5 |
               +--------+--------+--------+--------+--------+-----+--------+

Top non-repeatable levels by time:
     D:3: 1017 daAuts
     D:1: 833 daAuts
     D:2: 580 daAuts
     D:4: 18 daAuts
